Red Wings vs Maple Leafs (R2)

Created - 31 octobre 2015 at 23:40

Goals
1 2 3 T
Red Wings 0 1 3 4
Maple Leafs 0 3 0 3
Shots
1 2 3 T
Red Wings 11 11 5 27
Maple Leafs 6 14 13 33

1st period

No Goal

Penalties :
Jamie McBain (Tor) for Hooking (Minor) at 1:09, Evgeni Malkin (Tor) for Roughing (Minor) at 1:30, Paul Martin (Det) for Elbowing (Minor) at 8:17, Alexander Frolov (Tor) for Interference (Minor) at 18:16

2nd period

1. Maple Leafs , Claude Giroux 7 (Evgeni Malkin) at 1:03
2. Red Wings , Alex Picard 3 (Maxim Kondratiev, Mike Richards) at 10:32
3. Maple Leafs , Brendan Morrison 6 (Byron Bitz) at 16:09 (PP)
4. Maple Leafs , Alexander Frolov 3 (Evgeni Malkin, Marc-André Fleury) at 17:47 (PP)

Penalties :
Byron Bitz (Tor) for Tripping (Minor) at 6:31, Sean Bergenheim (Det) for Hooking (Minor) at 15:36, Maxim Kondratiev (Det) for Hooking (Minor) at 17:35, Alexander Frolov (Tor) for High sticking (Minor) at 18:09

3rd period

5. Red Wings , Mike Richards 3 (Ales Hemsky, Sean Bergenheim) at 4:15
6. Red Wings , Rick Nash 6 (Jason Spezza) at 7:20
7. Red Wings , Martin Havlat 4 (Christian Backman) at 19:31

Penalties :
Marc-Édouard Vlasic (Tor) for High sticking (Minor) at 8:46, Nate Thompson (Det) for Interference (Minor) at 11:27, Fabian Brunnstrom (Tor) for Slashing (Minor) at 12:12, Ales Hemsky (Det) for Tripping (Minor) at 17:21

Goalie Stats

Jonathan Quick (Det), 30 saves from 33 shots - (0,909), W, 3-4-0, 60:00 minutes
Marc-André Fleury (Tor), 23 saves from 27 shots - (0,852), L, 4-6-0, 59:48 minutes

Players Stats for Red Wings

Player Name              G  A  P  +/- PIM S  H  SB GA TA FO     MP     PP MP  PK MP  
------------------------------------------------------------------------------------
Ales Hemsky              0  1  1   1  2   0  0  0  0  0  0/0    15:57   4:43   0:00 
Alex Picard              1  0  1   1  0   3  1  0  0  0  0/0     7:53   0:15   0:21 
Carson Mcmillan          0  0  0   1  0   1  1  0  0  0  0/0     7:17   0:00   0:00 
Christian Backman        0  1  1   0  0   0  0  1  0  0  0/0    11:19   0:00   1:20 
Jason Spezza             0  1  1   0  0   2  5  0  0  0  21/41  24:46   5:51   3:53 
Martin Havlat            1  0  1   1  0   4  0  0  0  0  0/1    19:54   5:51   0:00 
Maxim Kondratiev         0  1  1   2  2   0  1  2  0  0  0/0    19:16   4:44   0:00 
Mike Brown               0  0  0   0  0   2  0  0  1  0  0/0    10:56   0:15   1:14 
Mike Richards            1  1  2   1  0   2  3  0  1  0  7/12   16:08   4:43   0:00 
Nate Thompson            0  0  0   1  2   1  0  0  0  0  1/2     7:49   0:12   0:21 
Ossi Vaananen            0  0  0   0  0   0  1  0  0  0  0/0    11:19   0:00   1:20 
Paul Martin              0  0  0   1  2   0  1  2  0  2  0/0    27:31   6:17   2:41 
Richard Jackman          0  0  0   2  0   2  1  3  0  1  0/0    21:39   4:44   1:27 
Rick Nash                1  0  1   0  0   4  3  0  2  0  0/1    24:46   5:51   3:53 
Robert Dome              0  0  0   0  0   1  0  2  0  0  0/0     9:27   0:00   0:00 
Sean Bergenheim          0  1  1   2  2   2  3  1  3  0  0/0    16:24   4:55   0:00 
Shawn Horcoff            0  0  0   1  0   3  0  2  0  0  5/8    11:28   0:27   1:14 
Shea Weber               0  0  0   1  0   0  1  1  1  3  0/0    29:24   6:17   4:08 

Players Stats for Maple Leafs

Player Name              G  A  P  +/- PIM S  H  SB GA TA FO     MP     PP MP  PK MP  
------------------------------------------------------------------------------------
Alexander Frolov         1  0  1   0  4   1  0  0  0  1  1/2    19:10   2:58   2:03 
Blake Comeau             0  0  0  -2  0   1  1  0  0  1  0/0     7:27   0:00   0:00 
Braydon Coburn           0  0  0  -2  0   4  2  2  0  0  0/0    29:48   2:55   7:12 
Brendan Morrison         1  0  1   0  0   2  3  0  1  0  5/8    15:21   2:30   1:42 
Byron Bitz               0  1  1   0  2   2  1  1  0  0  1/2    15:48   2:30   1:58 
Claude Giroux            1  0  1   0  0   4  0  0  1  0  8/13   24:03   2:58   5:26 
Colby Armstrong          0  0  0  -1  0   2  0  0  0  1  0/0     9:05   0:00   0:04 
Evgeni Malkin            0  2  2   0  2   2  1  0  0  2  14/31  22:53   2:58   4:12 
Fabian Brunnstrom        0  0  0   0  2   0  0  0  0  0  0/0    15:05   2:29   1:08 
Jamie McBain             0  0  0   0  2   1  0  0  0  0  0/0     9:04   0:00   0:13 
Jordan Staal             0  0  0  -1  0   1  0  0  0  0  2/5     9:13   0:00   0:04 
Justin Abdelkader        0  0  0  -2  0   3  1  0  0  1  0/0     7:53   0:00   0:26 
Justin Schultz           0  0  0   0  0   0  0  1  0  0  0/0     9:37   0:00   0:45 
Marc-Édouard Vlasic      0  0  0  -1  2   0  0  3  2  0  0/0    20:37   2:33   3:04 
Matt Pettinger           0  0  0  -1  0   3  4  0  0  0  0/2    12:21   0:00   3:07 
Rob Schremp              0  0  0  -2  0   3  0  0  0  0  0/2     7:27   0:00   0:00 
Taylor Chorney           0  0  0  -1  0   3  1  0  0  0  0/0    21:54   2:33   4:03 
Tobias Enstrom           0  0  0  -2  0   1  0  0  2  2  0/0    29:14   2:55   6:58 

3 Stars

1 - Mike Richards (Det)
2 - Rick Nash (Det)
3 - Alex Picard (Det)

Power Play

Red Wings - 0 on 7 Attempt(s) - 0,00%
Maple Leafs - 2 on 5 Attempt(s) - 40,00%

Penalty Kill

Red Wings - 3 on 5 Attempt(s) - 60,00% - Score 0 goal in Penalty Kill
Maple Leafs - 7 on 7 Attempt(s) - 100,00% - Score 0 goal in Penalty Kill

Team Stat

Red Wings - Hits : 21 - Faceoff Wins : 34 - Blocked Shots : 14 - Penalty Minutes : 10
Maple Leafs - Hits : 14 - Faceoff Wins : 31 - Blocked Shots : 7 - Penalty Minutes : 14

Official

Referees : Hasenfratz Mike and Charron Francis
Linesman : Thor Nelson and Michel Cormier

Game Notes

No Game Note

Finance

Level 1 -- Attendance: 4241 (70,68%) -- Ticket Income 424 100 $
Level 2 -- Attendance: 3539 (70,78%) -- Ticket Income 230 035 $
Level 3 -- Attendance: 1341 (67,05%) -- Ticket Income 56 322 $
Level 4 -- Attendance: 2470 (61,75%) -- Ticket Income 74 100 $
Luxury Box -- Attendance: 806 (80,60%) -- Ticket Income 149 110 $
Game was played at the Maple Leafs Garden'
Total Attendance: 12397 (68,87%)
Total Ticket Income: 933 667 $
Other Income: 140 050 $
Total Income: 1 073 717 $

Red Wings

5 vs 5 Forward 
   Center                   Left Wing                Right Wing               Time % Phy DF OF 
 1 Jason Spezza             Rick Nash                Martin Havlat            40     1   1  3  
 2 Mike Richards            Sean Bergenheim          Ales Hemsky              28     0   2  3  
 3 Shawn Horcoff            Robert Dome              Mike Brown               19     2   2  1  
 4 Nate Thompson            Alex Picard              Carson Mcmillan          13     2   1  2  

5 vs 5 Defense 
   Defense                  Defense                                           Time % Phy DF OF 
 1 Shea Weber               Paul Martin                                       40     1   1  3  
 2 Richard Jackman          Maxim Kondratiev                                  30     2   2  1  
 3 Christian Backman        Ossi Vaananen                                     20     1   3  1  
 4 Paul Martin              Shea Weber                                        10     1   2  2  

PowerPlay Forward 
   Center                   Left Wing                Right Wing               Time % Phy DF OF 
 1 Jason Spezza             Rick Nash                Martin Havlat            60     1   1  3  
 2 Mike Richards            Sean Bergenheim          Ales Hemsky              40     1   1  3  

PowerPlay Defense
   Defense                  Defense                                           Time % Phy DF OF 
 1 Shea Weber               Paul Martin                                       60     1   1  3  
 2 Richard Jackman          Maxim Kondratiev                                  40     1   1  3  

Penalty Kill 4 Players Forward 
   Center                   Wing                     Time % Phy DF OF 
 1 Jason Spezza             Rick Nash                60     1   2  2  
 2 Shawn Horcoff            Mike Brown               40     1   2  2  

Penalty Kill 4 Players Defense
   Defense                  Defense                  Time % Phy DF OF 
 1 Shea Weber               Paul Martin              60     1   2  2  
 2 Ossi Vaananen            Christian Backman        40     1   2  2  

Penalty Kill - 3 Players Forward 
   Forward                                           Time % Phy DF OF 
 1 Jason Spezza                                      60     1   2  2  
 2 Shawn Horcoff                                     40     1   2  2  

Penalty Kill - 3 Players Defense
   Defense                  Defense                  Time % Phy DF OF 
 1 Shea Weber               Paul Martin              60     1   2  2  
 2 Ossi Vaananen            Christian Backman        40     1   2  2  

4 vs 4 Forward 
   Center                   Wing                     Time % Phy DF OF 
 1 Jason Spezza             Rick Nash                60     1   1  3  
 2 Mike Richards            Martin Havlat            40     1   1  3  

4 vs 4 Defense
   Defense                  Defense                  Time % Phy DF OF 
 1 Shea Weber               Paul Martin              60     1   1  3  
 2 Richard Jackman          Maxim Kondratiev         40     1   1  3  

Last Minutes Offensive
   Center                   Left Wing                Right Wing               Defense                  Defense                  
   Jason Spezza             Rick Nash                Martin Havlat            Shea Weber               Paul Martin              

Last Minutes Defensive
   Center                   Left Wing                Right Wing               Defense                  Defense                  
   Jason Spezza             Rick Nash                Martin Havlat            Shea Weber               Paul Martin              

Goaltenders
Starting : Jonathan Quick           
Backup : Scott Clemmensen         

Extra Forwards
Normal : Shawn Horcoff, Sean Bergenheim, Robert Dome - PP : Shawn Horcoff, Sean Bergenheim - PK : Nate Thompson
Extra Defensemen
Normal : Paul Martin, Shea Weber, Richard Jackman - PP : Shea Weber - PK : Richard Jackman, Christian Backman
Penalty Shots
Rick Nash, Jason Spezza, Sean Bergenheim, Martin Havlat, Mike Brown

Maple Leafs

5 vs 5 Forward 
   Center                   Left Wing                Right Wing               Time % Phy DF OF 
 1 Evgeni Malkin            Alexander Frolov         Claude Giroux            40     1   2  2  
 2 Brendan Morrison         Fabian Brunnstrom        Byron Bitz               30     1   2  2  
 3 Jordan Staal             Matt Pettinger           Colby Armstrong          20     1   2  2  
 4 Rob Schremp              Justin Abdelkader        Blake Comeau             10     1   2  2  

5 vs 5 Defense 
   Defense                  Defense                                           Time % Phy DF OF 
 1 Tobias Enstrom           Braydon Coburn                                    40     1   2  2  
 2 Marc-Édouard Vlasic      Taylor Chorney                                    30     1   2  2  
 3 Jamie McBain             Justin Schultz                                    20     1   2  2  
 4 Tobias Enstrom           Braydon Coburn                                    10     1   2  2  

PowerPlay Forward 
   Center                   Left Wing                Right Wing               Time % Phy DF OF 
 1 Evgeni Malkin            Alexander Frolov         Claude Giroux            60     1   2  2  
 2 Brendan Morrison         Fabian Brunnstrom        Byron Bitz               40     1   2  2  

PowerPlay Defense
   Defense                  Defense                                           Time % Phy DF OF 
 1 Tobias Enstrom           Braydon Coburn                                    60     1   2  2  
 2 Marc-Édouard Vlasic      Taylor Chorney                                    40     1   2  2  

Penalty Kill 4 Players Forward 
   Center                   Wing                     Time % Phy DF OF 
 1 Claude Giroux            Evgeni Malkin            60     1   2  2  
 2 Alexander Frolov         Byron Bitz               40     1   2  2  

Penalty Kill 4 Players Defense
   Defense                  Defense                  Time % Phy DF OF 
 1 Tobias Enstrom           Braydon Coburn           60     1   2  2  
 2 Marc-Édouard Vlasic      Taylor Chorney           40     1   2  2  

Penalty Kill - 3 Players Forward 
   Forward                                           Time % Phy DF OF 
 1 Claude Giroux                                     60     1   2  2  
 2 Evgeni Malkin                                     40     1   2  2  

Penalty Kill - 3 Players Defense
   Defense                  Defense                  Time % Phy DF OF 
 1 Tobias Enstrom           Braydon Coburn           60     1   2  2  
 2 Marc-Édouard Vlasic      Taylor Chorney           40     1   2  2  

4 vs 4 Forward 
   Center                   Wing                     Time % Phy DF OF 
 1 Claude Giroux            Evgeni Malkin            60     1   2  2  
 2 Alexander Frolov         Byron Bitz               40     1   2  2  

4 vs 4 Defense
   Defense                  Defense                  Time % Phy DF OF 
 1 Tobias Enstrom           Braydon Coburn           60     1   2  2  
 2 Marc-Édouard Vlasic      Taylor Chorney           40     1   2  2  

Last Minutes Offensive
   Center                   Left Wing                Right Wing               Defense                  Defense                  
   Evgeni Malkin            Alexander Frolov         Claude Giroux            Tobias Enstrom           Braydon Coburn           

Last Minutes Defensive
   Center                   Left Wing                Right Wing               Defense                  Defense                  
   Evgeni Malkin            Alexander Frolov         Claude Giroux            Tobias Enstrom           Braydon Coburn           

Goaltenders
Starting : Marc-André Fleury        
Backup : Mike Smith               

Extra Forwards
Normal : Jordan Staal, Colby Armstrong, Matt Pettinger - PP : Jordan Staal, Colby Armstrong - PK : Matt Pettinger
Extra Defensemen
Normal : Jamie McBain, Justin Schultz, Marc-Édouard Vlasic - PP : Jamie McBain - PK : Justin Schultz, Marc-Édouard Vlasic
Penalty Shots
Claude Giroux, Evgeni Malkin, Alexander Frolov, Byron Bitz, Brendan Morrison

% Time on Ice - Red Wings

Lines # - Real PCT - Wanted PCT - Time Play
Normal Forward
1 - 33% - 40% - 13:55
2 - 27% - 28% - 11:10
3 - 23% - 19% - 9:27
4 - 17% - 13% - 7:17
Normal Defense
1 - 40% - 40% - 16:56
2 - 34% - 30% - 14:24
3 - 24% - 20% - 9:54
4 - 1% - 10% - 0:35
PP Forward
1 - 57% - 60% - 6:18
2 - 43% - 40% - 4:43
PP Defense
1 - 57% - 60% - 6:17
2 - 43% - 40% - 4:44
PK Forward
1 - 77% - 60% - 4:14
2 - 23% - 40% - 1:14
PK Defense
1 - 76% - 60% - 4:08
2 - 24% - 40% - 1:20
PK3 Forward
1 - 0% - 60%
2 - 0% - 40%
PK3 Defense
1 - 0% - 60%
2 - 0% - 40%
44 Forward
1 - 80% - 60% - 0:59
2 - 20% - 40% - 0:15
44 Defense
1 - 81% - 60% - 1:00
2 - 19% - 40% - 0:14
Last Minute Offensive  - 0:00
Last Minute Defensive  - 0:28
Total
Forward - 60:00
Defense - 60:00

% Time on Ice - Maple Leafs

Lines # - Real PCT - Wanted PCT - Time Play
Normal Forward
1 - 34% - 40% - 14:20
2 - 27% - 30% - 11:06
3 - 21% - 20% - 8:56
4 - 18% - 10% - 7:27
Normal Defense
1 - 41% - 40% - 17:17
2 - 35% - 30% - 14:47
3 - 21% - 20% - 8:52
4 - 2% - 10% - 0:53
PP Forward
1 - 54% - 60% - 2:58
2 - 46% - 40% - 2:30
PP Defense
1 - 53% - 60% - 2:55
2 - 47% - 40% - 2:33
PK Forward
1 - 68% - 60% - 6:23
2 - 32% - 40% - 3:00
PK Defense
1 - 64% - 60% - 6:02
2 - 36% - 40% - 3:21
PK3 Forward
1 - 52% - 60% - 0:51
2 - 48% - 40% - 0:47
PK3 Defense
1 - 57% - 60% - 0:56
2 - 43% - 40% - 0:42
44 Forward
1 - 88% - 60% - 1:05
2 - 12% - 40% - 0:09
44 Defense
1 - 58% - 60% - 0:43
2 - 42% - 40% - 0:31
Last Minute Offensive  - 0:28
Last Minute Defensive  - 0:00
Total
Forward - 60:00
Defense - 60:00

Play by Play

1st period


0:01 of 1st period - Jason Spezza wins face-off versus Evgeni Malkin in neutral zone.
0:26 of 1st period - Brendan Morrison is hit by Mike Richards and loses puck.
0:56 of 1st period - Off-side.
0:57 of 1st period - Shawn Horcoff wins face-off versus Jordan Staal in neutral zone.
1:04 of 1st period - Snap shot by Robert Dome.
1:04 of 1st period - Stopped by Marc-André Fleury with a rebound.
1:09 of 1st period - Minor Penalty to Jamie McBain for Hooking.
1:10 of 1st period - Claude Giroux wins face-off versus Jason Spezza in Maple Leafs zone.
1:21 of 1st period - Off-side.
1:22 of 1st period - Jason Spezza wins face-off versus Evgeni Malkin in neutral zone.
1:30 of 1st period - Minor Penalty to Evgeni Malkin for Roughing.
1:31 of 1st period - Claude Giroux wins face-off versus Mike Richards in Maple Leafs zone.
1:57 of 1st period - Richard Jackman is hit by Matt Pettinger and loses puck.
2:20 of 1st period - Claude Giroux is hit by Sean Bergenheim and loses puck.
3:09 of 1st period - Penalty to Jamie McBain is over, Jamie McBain is back on ice.
3:15 of 1st period - Brendan Morrison is hit by Jason Spezza.
3:30 of 1st period - Penalty to Evgeni Malkin is over, Evgeni Malkin is back on ice.
3:42 of 1st period - Matt Pettinger is hit by Jason Spezza and loses puck.
3:47 of 1st period - Wrist shot by Martin Havlat.
3:47 of 1st period - Stopped by Marc-André Fleury without a rebound.
3:48 of 1st period - Shawn Horcoff wins face-off versus Brendan Morrison in Maple Leafs zone.
4:08 of 1st period - Brendan Morrison is hit by Ossi Vaananen.
4:44 of 1st period - Slapshot by Matt Pettinger.
4:44 of 1st period - Shot Misses the Net.
8:06 of 1st period - Wrist shot by Mike Richards.
8:06 of 1st period - Stopped by Marc-André Fleury without a rebound.
8:07 of 1st period - Mike Richards wins face-off versus Evgeni Malkin in Maple Leafs zone.
8:08 of 1st period - Snap shot by Sean Bergenheim.
8:08 of 1st period - Deflect By Mike Richards.
8:08 of 1st period - Shot Blocked by Justin Schultz.
8:08 of 1st period - Puck is out of play.
8:09 of 1st period - Claude Giroux wins face-off versus Mike Richards in Maple Leafs zone.
8:17 of 1st period - Minor Penalty to Paul Martin for Elbowing.
8:18 of 1st period - Jason Spezza wins face-off versus Evgeni Malkin in Red Wings zone.
9:31 of 1st period - Icing by Marc-Édouard Vlasic.
9:32 of 1st period - Shawn Horcoff wins face-off versus Evgeni Malkin in Maple Leafs zone.
9:44 of 1st period - Snap shot by Shawn Horcoff.
9:44 of 1st period - Deflect By Mike Brown.
9:44 of 1st period - Shot Misses the Net.
9:44 of 1st period - Puck is out of play.
9:45 of 1st period - Brendan Morrison wins face-off versus Jason Spezza in Maple Leafs zone.
10:17 of 1st period - Penalty to Paul Martin is over, Paul Martin is back on ice.
10:26 of 1st period - Snap shot by Rick Nash.
10:26 of 1st period - Stopped by Marc-André Fleury with a rebound.
10:36 of 1st period - Wrist shot by Colby Armstrong.
10:36 of 1st period - Stopped by Jonathan Quick with a rebound.
10:38 of 1st period - Wrist shot by Matt Pettinger.
10:38 of 1st period - Shot Blocked by Richard Jackman.
10:40 of 1st period - Slapshot by Braydon Coburn.
10:40 of 1st period - Stopped by Jonathan Quick with a rebound.
10:50 of 1st period - Taylor Chorney is hit by Mike Richards and loses puck.
11:05 of 1st period - Ales Hemsky is hit by Justin Abdelkader and loses puck.
11:23 of 1st period - Off-side.
11:24 of 1st period - Byron Bitz wins face-off versus Shawn Horcoff in neutral zone.
11:33 of 1st period - Snap shot by Byron Bitz.
11:33 of 1st period - Stopped by Jonathan Quick without a rebound.
11:34 of 1st period - Evgeni Malkin wins face-off versus Shawn Horcoff in Red Wings zone.
11:39 of 1st period - Snap shot by Evgeni Malkin.
11:39 of 1st period - Shot Blocked by Shawn Horcoff.
12:56 of 1st period - Snap shot by Claude Giroux.
12:56 of 1st period - Shot Blocked by Christian Backman.
13:08 of 1st period - Slapshot by Robert Dome.
13:08 of 1st period - Deflect By Shawn Horcoff.
13:08 of 1st period - Stopped by Marc-André Fleury with a rebound.
13:28 of 1st period - Slapshot by Robert Dome.
13:28 of 1st period - Shot Misses the Net.
13:30 of 1st period - Snap shot by Robert Dome.
13:30 of 1st period - Shot Misses the Net.
13:32 of 1st period - Slapshot by Shawn Horcoff.
13:32 of 1st period - Stopped by Marc-André Fleury without a rebound.
13:33 of 1st period - Brendan Morrison wins face-off versus Jason Spezza in Maple Leafs zone.
14:00 of 1st period - Mike Richards is hit by Blake Comeau and loses puck.
14:07 of 1st period - Snap shot by Justin Abdelkader.
14:07 of 1st period - Stopped by Jonathan Quick with a rebound.
14:09 of 1st period - Snap shot by Rob Schremp.
14:09 of 1st period - Stopped by Jonathan Quick with a rebound.
14:11 of 1st period - Slapshot by Taylor Chorney.
14:11 of 1st period - Stopped by Jonathan Quick with a rebound.
14:22 of 1st period - Off-side.
14:23 of 1st period - Jordan Staal wins face-off versus Nate Thompson in neutral zone.
14:34 of 1st period - Snap shot by Richard Jackman.
14:34 of 1st period - Stopped by Marc-André Fleury without a rebound.
14:35 of 1st period - Brendan Morrison wins face-off versus Jason Spezza in Maple Leafs zone.
14:35 of 1st period - Brendan Morrison is hit by Rick Nash.
15:01 of 1st period - Sean Bergenheim is hit by Matt Pettinger and loses puck.
15:44 of 1st period - Byron Bitz is hit by Rick Nash and loses puck.
15:57 of 1st period - Wrist shot by Ales Hemsky.
15:57 of 1st period - Shot Misses the Net.
15:59 of 1st period - Snap shot by Sean Bergenheim.
15:59 of 1st period - Stopped by Marc-André Fleury with a rebound.
16:09 of 1st period - Christian Backman is hit by Matt Pettinger and loses puck.
16:39 of 1st period - Off-side.
16:40 of 1st period - Evgeni Malkin wins face-off versus Mike Richards in neutral zone.
16:51 of 1st period - Snap shot by Claude Giroux.
16:51 of 1st period - Deflect By Evgeni Malkin.
16:51 of 1st period - Shot Misses the Net.
16:51 of 1st period - Puck is out of play.
16:52 of 1st period - Jason Spezza wins face-off versus Evgeni Malkin in Red Wings zone.
17:32 of 1st period - Snap shot by Jason Spezza.
17:32 of 1st period - Deflect By Rick Nash.
17:32 of 1st period - Stopped by Marc-André Fleury with a rebound.
17:34 of 1st period - Snap shot by Paul Martin.
17:34 of 1st period - Shot Blocked by Marc-Édouard Vlasic.
17:36 of 1st period - Wrist shot by Rick Nash.
17:36 of 1st period - Shot Misses the Net.
18:16 of 1st period - Minor Penalty to Alexander Frolov for Interference.
18:17 of 1st period - Mike Richards wins face-off versus Matt Pettinger in Maple Leafs zone.
19:37 of 1st period - Wrist shot by Richard Jackman.
19:37 of 1st period - Stopped by Marc-André Fleury with a rebound.
19:39 of 1st period - Snap shot by Shawn Horcoff.
19:39 of 1st period - Shot Blocked by Braydon Coburn.
19:41 of 1st period - Slapshot by Maxim Kondratiev.
19:41 of 1st period - Deflect By Alex Picard.
19:41 of 1st period - Stopped by Marc-André Fleury without a rebound.
19:42 of 1st period - Jason Spezza wins face-off versus Matt Pettinger in Maple Leafs zone.
Goals for this period are 0 for Red Wings vs 0 for Maple Leafs.
Shots for this period are 11 for Red Wings vs 6 for Maple Leafs.

2nd period


0:01 of 2nd period - Claude Giroux wins face-off versus Jason Spezza in neutral zone.
0:04 of 2nd period - Slapshot by Braydon Coburn.
0:04 of 2nd period - Deflect By Claude Giroux.
0:04 of 2nd period - Shot Blocked by Paul Martin.
0:04 of 2nd period - Puck is out of play.
0:05 of 2nd period - Claude Giroux wins face-off versus Martin Havlat in Red Wings zone.
0:10 of 2nd period - Snap shot by Claude Giroux.
0:10 of 2nd period - Shot Blocked by Shea Weber.
0:16 of 2nd period - Penalty to Alexander Frolov is over, Alexander Frolov is back on ice.
0:22 of 2nd period - Braydon Coburn is hit by Jason Spezza and loses puck.
0:39 of 2nd period - Slapshot by Paul Martin.
0:39 of 2nd period - Shot Blocked by Byron Bitz.
0:55 of 2nd period - Snap shot by Colby Armstrong.
0:55 of 2nd period - Shot Blocked by Richard Jackman.
0:57 of 2nd period - Wrist shot by Colby Armstrong.
0:57 of 2nd period - Stopped by Jonathan Quick with a rebound.
0:59 of 2nd period - Snap shot by Matt Pettinger.
0:59 of 2nd period - Stopped by Jonathan Quick with a rebound.
1:01 of 2nd period - Snap shot by Jordan Staal.
1:01 of 2nd period - Stopped by Jonathan Quick without a rebound.
1:02 of 2nd period - Evgeni Malkin wins face-off versus Jason Spezza in Red Wings zone.
1:03 of 2nd period - Backhand shot by Claude Giroux.
1:03 of 2nd period - Goal by Claude Giroux - Red Wings : 0 - Maple Leafs : 1.
1:04 of 2nd period - Evgeni Malkin wins face-off versus Jason Spezza in neutral zone.
1:09 of 2nd period - Wrist shot by Claude Giroux.
1:09 of 2nd period - Shot Misses the Net.
1:11 of 2nd period - Wrist shot by Braydon Coburn.
1:11 of 2nd period - Stopped by Jonathan Quick without a rebound.
1:12 of 2nd period - Evgeni Malkin wins face-off versus Jason Spezza in Red Wings zone.
1:15 of 2nd period - Snap shot by Evgeni Malkin.
1:15 of 2nd period - Shot Misses the Net.
1:17 of 2nd period - Wrist shot by Claude Giroux.
1:17 of 2nd period - Deflect By Alexander Frolov.
1:17 of 2nd period - Shot Misses the Net.
1:17 of 2nd period - Puck is out of play.
1:18 of 2nd period - Jason Spezza wins face-off versus Brendan Morrison in Red Wings zone.
2:06 of 2nd period - Snap shot by Nate Thompson.
2:06 of 2nd period - Stopped by Marc-André Fleury with a rebound.
2:50 of 2nd period - Slapshot by Blake Comeau.
2:50 of 2nd period - Shot Misses the Net.
2:56 of 2nd period - Slapshot by Justin Abdelkader.
2:56 of 2nd period - Shot Misses the Net.
2:58 of 2nd period - Snap shot by Blake Comeau.
2:58 of 2nd period - Shot Blocked by Paul Martin.
3:24 of 2nd period - Shea Weber is hit by Matt Pettinger.
3:44 of 2nd period - Wrist shot by Evgeni Malkin.
3:44 of 2nd period - Shot Misses the Net.
3:56 of 2nd period - Snap shot by Byron Bitz.
3:56 of 2nd period - Shot Blocked by Maxim Kondratiev.
4:10 of 2nd period - Wrist shot by Alex Picard.
4:10 of 2nd period - Stopped by Marc-André Fleury without a rebound.
4:11 of 2nd period - Jason Spezza wins face-off versus Claude Giroux in Maple Leafs zone.
4:24 of 2nd period - Snap shot by Rick Nash.
4:24 of 2nd period - Deflect By Jason Spezza.
4:24 of 2nd period - Shot Misses the Net.
4:24 of 2nd period - Puck is out of play.
4:25 of 2nd period - Evgeni Malkin wins face-off versus Jason Spezza in Maple Leafs zone.
4:40 of 2nd period - Snap shot by Claude Giroux.
4:40 of 2nd period - Shot Misses the Net.
4:42 of 2nd period - Slapshot by Braydon Coburn.
4:42 of 2nd period - Stopped by Jonathan Quick with a rebound.
5:37 of 2nd period - Off-side.
5:38 of 2nd period - Shawn Horcoff wins face-off versus Jordan Staal in neutral zone.
5:49 of 2nd period - Wrist shot by Shawn Horcoff.
5:49 of 2nd period - Shot Misses the Net.
6:02 of 2nd period - Icing by Braydon Coburn.
6:03 of 2nd period - Jason Spezza wins face-off versus Evgeni Malkin in Maple Leafs zone.
6:06 of 2nd period - Snap shot by Jason Spezza.
6:06 of 2nd period - Shot Misses the Net.
6:31 of 2nd period - Minor Penalty to Byron Bitz for Tripping.
6:32 of 2nd period - Jason Spezza wins face-off versus Claude Giroux in Maple Leafs zone.
7:05 of 2nd period - Braydon Coburn is hit by Paul Martin and loses puck.
7:56 of 2nd period - Richard Jackman is hit by Braydon Coburn and loses puck.
8:29 of 2nd period - Mike Richards is hit by Brendan Morrison and loses puck.
8:31 of 2nd period - Penalty to Byron Bitz is over, Byron Bitz is back on ice.
8:46 of 2nd period - Slapshot by Braydon Coburn.
8:46 of 2nd period - Stopped by Jonathan Quick without a rebound.
8:47 of 2nd period - Shawn Horcoff wins face-off versus Rob Schremp in Red Wings zone.
9:54 of 2nd period - Slapshot by Claude Giroux.
9:54 of 2nd period - Shot Misses the Net.
10:32 of 2nd period - Snap shot by Alex Picard.
10:32 of 2nd period - Goal by Alex Picard - Red Wings : 1 - Maple Leafs : 1.
10:33 of 2nd period - Jason Spezza wins face-off versus Evgeni Malkin in neutral zone.
11:11 of 2nd period - Wrist shot by Mike Brown.
11:11 of 2nd period - Stopped by Marc-André Fleury with a rebound.
11:13 of 2nd period - Snap shot by Shawn Horcoff.
11:13 of 2nd period - Stopped by Marc-André Fleury with a rebound.
11:15 of 2nd period - Slapshot by Mike Brown.
11:15 of 2nd period - Stopped by Marc-André Fleury without a rebound.
11:16 of 2nd period - Brendan Morrison wins face-off versus Jason Spezza in Maple Leafs zone.
11:16 of 2nd period - Brendan Morrison is hit by Rick Nash.
11:28 of 2nd period - Slapshot by Jason Spezza.
11:28 of 2nd period - Shot Blocked by Marc-Édouard Vlasic.
11:30 of 2nd period - Snap shot by Jason Spezza.
11:30 of 2nd period - Stopped by Marc-André Fleury with a rebound.
11:52 of 2nd period - Snap shot by Matt Pettinger.
11:52 of 2nd period - Stopped by Jonathan Quick without a rebound.
11:53 of 2nd period - Mike Richards wins face-off versus Evgeni Malkin in Red Wings zone.
12:08 of 2nd period - Snap shot by Mike Richards.
12:08 of 2nd period - Shot Misses the Net.
13:42 of 2nd period - Slapshot by Taylor Chorney.
13:42 of 2nd period - Deflect By Justin Abdelkader.
13:42 of 2nd period - Shot Misses the Net.
13:42 of 2nd period - Puck is out of play.
13:43 of 2nd period - Mike Richards wins face-off versus Evgeni Malkin in Red Wings zone.
14:32 of 2nd period - Wrist shot by Matt Pettinger.
14:32 of 2nd period - Stopped by Jonathan Quick without a rebound.
14:33 of 2nd period - Mike Richards wins face-off versus Jordan Staal in Red Wings zone.
14:33 of 2nd period - Mike Richards is hit by Braydon Coburn.
14:59 of 2nd period - Jordan Staal is hit by Alex Picard and loses puck.
15:04 of 2nd period - Snap shot by Carson Mcmillan.
15:04 of 2nd period - Stopped by Marc-André Fleury with a rebound.
15:06 of 2nd period - Snap shot by Nate Thompson.
15:06 of 2nd period - Shot Misses the Net.
15:08 of 2nd period - Wrist shot by Carson Mcmillan.
15:08 of 2nd period - Shot Misses the Net.
15:10 of 2nd period - Backhand shot by Maxim Kondratiev.
15:10 of 2nd period - Deflect By Alex Picard.
15:10 of 2nd period - Shot Blocked by Braydon Coburn.
15:10 of 2nd period - Puck is out of play.
15:11 of 2nd period - Mike Richards wins face-off versus Evgeni Malkin in Maple Leafs zone.
15:16 of 2nd period - Snap shot by Sean Bergenheim.
15:16 of 2nd period - Stopped by Marc-André Fleury without a rebound.
15:17 of 2nd period - Evgeni Malkin wins face-off versus Mike Richards in Maple Leafs zone.
15:17 of 2nd period - Evgeni Malkin is hit by Mike Richards.
15:36 of 2nd period - Minor Penalty to Sean Bergenheim for Hooking.
15:37 of 2nd period - Jason Spezza wins face-off versus Evgeni Malkin in Red Wings zone.
16:09 of 2nd period - Slapshot by Brendan Morrison.
16:09 of 2nd period - Goal by Brendan Morrison - Red Wings : 1 - Maple Leafs : 2.
16:10 of 2nd period - Evgeni Malkin wins face-off versus Jason Spezza in neutral zone.
16:17 of 2nd period - Tobias Enstrom is hit by Jason Spezza and loses puck.
16:24 of 2nd period - Snap shot by Martin Havlat.
16:24 of 2nd period - Stopped by Marc-André Fleury with a rebound.
16:26 of 2nd period - Snap shot by Jason Spezza.
16:26 of 2nd period - Stopped by Marc-André Fleury with a rebound.
16:36 of 2nd period - Paul Martin is hit by Byron Bitz and loses puck.
17:21 of 2nd period - Slapshot by Taylor Chorney.
17:21 of 2nd period - Deflect By Jason Spezza.
17:21 of 2nd period - Stopped by Jonathan Quick with a rebound.
17:23 of 2nd period - Snap shot by Justin Abdelkader.
17:23 of 2nd period - Stopped by Jonathan Quick with a rebound.
17:29 of 2nd period - Slapshot by Rob Schremp.
17:29 of 2nd period - Deflect By Martin Havlat.
17:29 of 2nd period - Stopped by Jonathan Quick with a rebound.
17:35 of 2nd period - Minor Penalty to Maxim Kondratiev for Hooking.
17:36 of 2nd period - Jason Spezza wins face-off versus Evgeni Malkin in Red Wings zone.
17:47 of 2nd period - Snap shot by Alexander Frolov.
17:47 of 2nd period - Goal by Alexander Frolov - Red Wings : 1 - Maple Leafs : 3.
17:48 of 2nd period - Evgeni Malkin wins face-off versus Jason Spezza in neutral zone.
18:09 of 2nd period - Minor Penalty to Alexander Frolov for High sticking.
18:10 of 2nd period - Jason Spezza wins face-off versus Claude Giroux in Maple Leafs zone.
18:46 of 2nd period - Slapshot by Shea Weber.
18:46 of 2nd period - Shot Misses the Net.
18:48 of 2nd period - Slapshot by Paul Martin.
18:48 of 2nd period - Shot Misses the Net.
18:56 of 2nd period - Snap shot by Sean Bergenheim.
18:56 of 2nd period - Shot Misses the Net.
Goals for this period are 1 for Red Wings vs 3 for Maple Leafs.
Shots for this period are 11 for Red Wings vs 14 for Maple Leafs.

3rd period


0:01 of 3rd period - Jason Spezza wins face-off versus Claude Giroux in neutral zone.
0:03 of 3rd period - Off-side.
0:04 of 3rd period - Claude Giroux wins face-off versus Jason Spezza in neutral zone.
0:09 of 3rd period - Penalty to Alexander Frolov is over, Alexander Frolov is back on ice.
1:37 of 3rd period - Taylor Chorney is hit by Carson Mcmillan and loses puck.
3:40 of 3rd period - Slapshot by Jordan Staal.
3:40 of 3rd period - Shot Blocked by Sean Bergenheim.
3:42 of 3rd period - Slapshot by Braydon Coburn.
3:42 of 3rd period - Shot Misses the Net.
4:13 of 3rd period - Slapshot by Ales Hemsky.
4:13 of 3rd period - Shot Misses the Net.
4:15 of 3rd period - Wrist shot by Mike Richards.
4:15 of 3rd period - Goal by Mike Richards - Red Wings : 2 - Maple Leafs : 3.
4:16 of 3rd period - Evgeni Malkin wins face-off versus Jason Spezza in neutral zone.
4:43 of 3rd period - Paul Martin is hit by Taylor Chorney and loses puck.
5:20 of 3rd period - Icing by Marc-Édouard Vlasic.
5:21 of 3rd period - Mike Richards wins face-off versus Rob Schremp in Maple Leafs zone.
5:46 of 3rd period - Slapshot by Justin Abdelkader.
5:46 of 3rd period - Stopped by Jonathan Quick without a rebound.
5:47 of 3rd period - Jason Spezza wins face-off versus Evgeni Malkin in Red Wings zone.
6:06 of 3rd period - Evgeni Malkin is hit by Richard Jackman and loses puck.
6:25 of 3rd period - Backhand shot by Byron Bitz.
6:25 of 3rd period - Shot Blocked by Robert Dome.
6:27 of 3rd period - Slapshot by Tobias Enstrom.
6:27 of 3rd period - Shot Blocked by Shawn Horcoff.
6:39 of 3rd period - Matt Pettinger is hit by Sean Bergenheim and loses puck.
7:09 of 3rd period - Off-side.
7:10 of 3rd period - Jason Spezza wins face-off versus Evgeni Malkin in neutral zone.
7:18 of 3rd period - Snap shot by Martin Havlat.
7:18 of 3rd period - Deflect By Rick Nash.
7:18 of 3rd period - Shot Blocked by Marc-Édouard Vlasic.
7:18 of 3rd period - Puck is out of play.
7:19 of 3rd period - Jason Spezza wins face-off versus Evgeni Malkin in Maple Leafs zone.
7:20 of 3rd period - Wrist shot by Rick Nash.
7:20 of 3rd period - Goal by Rick Nash - Red Wings : 3 - Maple Leafs : 3.
7:21 of 3rd period - Evgeni Malkin wins face-off versus Jason Spezza in neutral zone.
8:33 of 3rd period - Off-side.
8:34 of 3rd period - Jason Spezza wins face-off versus Alexander Frolov in neutral zone.
8:43 of 3rd period - Wrist shot by Rick Nash.
8:43 of 3rd period - Stopped by Marc-André Fleury without a rebound.
8:44 of 3rd period - Evgeni Malkin wins face-off versus Jason Spezza in Maple Leafs zone.
8:46 of 3rd period - Minor Penalty to Marc-Édouard Vlasic for High sticking.
8:47 of 3rd period - Claude Giroux wins face-off versus Jason Spezza in Maple Leafs zone.
9:13 of 3rd period - Braydon Coburn is hit by Sean Bergenheim and loses puck.
10:43 of 3rd period - Alexander Frolov is hit by Jason Spezza and loses puck.
10:46 of 3rd period - Penalty to Marc-Édouard Vlasic is over, Marc-Édouard Vlasic is back on ice.
10:57 of 3rd period - Slapshot by Taylor Chorney.
10:57 of 3rd period - Stopped by Jonathan Quick with a rebound.
10:59 of 3rd period - Wrist shot by Taylor Chorney.
10:59 of 3rd period - Shot Blocked by Robert Dome.
11:01 of 3rd period - Slapshot by Blake Comeau.
11:01 of 3rd period - Stopped by Jonathan Quick with a rebound.
11:03 of 3rd period - Snap shot by Taylor Chorney.
11:03 of 3rd period - Shot Misses the Net.
11:05 of 3rd period - Slapshot by Rob Schremp.
11:05 of 3rd period - Stopped by Jonathan Quick without a rebound.
11:06 of 3rd period - Nate Thompson wins face-off versus Byron Bitz in Red Wings zone.
11:21 of 3rd period - Snap shot by Brendan Morrison.
11:21 of 3rd period - Shot Blocked by Maxim Kondratiev.
11:27 of 3rd period - Minor Penalty to Nate Thompson for Interference.
11:28 of 3rd period - Jason Spezza wins face-off versus Evgeni Malkin in Red Wings zone.
11:55 of 3rd period - Paul Martin is hit by Brendan Morrison and loses puck.
12:12 of 3rd period - Minor Penalty to Fabian Brunnstrom for Slashing.
12:13 of 3rd period - Jason Spezza wins face-off versus Claude Giroux in Maple Leafs zone.
12:22 of 3rd period - Slapshot by Evgeni Malkin.
12:22 of 3rd period - Stopped by Jonathan Quick with a rebound.
12:24 of 3rd period - Slapshot by Tobias Enstrom.
12:24 of 3rd period - Shot Misses the Net.
12:28 of 3rd period - Snap shot by Claude Giroux.
12:28 of 3rd period - Stopped by Jonathan Quick with a rebound.
12:30 of 3rd period - Slapshot by Tobias Enstrom.
12:30 of 3rd period - Stopped by Jonathan Quick without a rebound.
12:31 of 3rd period - Claude Giroux wins face-off versus Rick Nash in Red Wings zone.
12:36 of 3rd period - Snap shot by Evgeni Malkin.
12:36 of 3rd period - Stopped by Jonathan Quick with a rebound.
12:54 of 3rd period - Tobias Enstrom is hit by Shea Weber and loses puck.
13:27 of 3rd period - Penalty to Nate Thompson is over, Nate Thompson is back on ice.
13:38 of 3rd period - Off-side.
13:39 of 3rd period - Alexander Frolov wins face-off versus Mike Richards in neutral zone.
14:12 of 3rd period - Penalty to Fabian Brunnstrom is over, Fabian Brunnstrom is back on ice.
14:20 of 3rd period - Wrist shot by Evgeni Malkin.
14:20 of 3rd period - Deflect By Claude Giroux.
14:20 of 3rd period - Stopped by Jonathan Quick with a rebound.
15:11 of 3rd period - Icing by Rick Nash.
15:12 of 3rd period - Brendan Morrison wins face-off versus Jason Spezza in Red Wings zone.
15:15 of 3rd period - Slapshot by Brendan Morrison.
15:15 of 3rd period - Stopped by Jonathan Quick with a rebound.
15:50 of 3rd period - Snap shot by Martin Havlat.
15:50 of 3rd period - Shot Hit the Post.
15:52 of 3rd period - Slapshot by Martin Havlat.
15:52 of 3rd period - Stopped by Marc-André Fleury with a rebound.
15:54 of 3rd period - Snap shot by Martin Havlat.
15:54 of 3rd period - Deflect By Rick Nash.
15:54 of 3rd period - Shot Misses the Net.
15:54 of 3rd period - Puck is out of play.
15:55 of 3rd period - Jordan Staal wins face-off versus Shawn Horcoff in Maple Leafs zone.
15:55 of 3rd period - Jordan Staal is hit by Maxim Kondratiev.
16:09 of 3rd period - Slapshot by Jamie McBain.
16:09 of 3rd period - Stopped by Jonathan Quick with a rebound.
16:11 of 3rd period - Slapshot by Jamie McBain.
16:11 of 3rd period - Shot Blocked by Richard Jackman.
16:26 of 3rd period - Richard Jackman is hit by Evgeni Malkin and loses puck.
16:33 of 3rd period - Snap shot by Alex Picard.
16:33 of 3rd period - Shot Misses the Net.
17:21 of 3rd period - Minor Penalty to Ales Hemsky for Tripping.
17:22 of 3rd period - Evgeni Malkin wins face-off versus Jason Spezza in Red Wings zone.
17:49 of 3rd period - Paul Martin is hit by Brendan Morrison.
17:55 of 3rd period - Snap shot by Byron Bitz.
17:55 of 3rd period - Stopped by Jonathan Quick without a rebound.
17:56 of 3rd period - Jason Spezza wins face-off versus Brendan Morrison in Red Wings zone.
18:21 of 3rd period - Snap shot by Brendan Morrison.
18:21 of 3rd period - Shot Misses the Net.
19:21 of 3rd period - Penalty to Ales Hemsky is over, Ales Hemsky is back on ice.
19:31 of 3rd period - Wrist shot by Martin Havlat.
19:31 of 3rd period - Goal by Martin Havlat - Red Wings : 4 - Maple Leafs : 3.
19:32 of 3rd period - Evgeni Malkin wins face-off versus Jason Spezza in neutral zone.
19:48 of 3rd period - Maple Leafs, Marc-André Fleury is pulled from the net.
19:50 of 3rd period - Slapshot by Claude Giroux.
19:50 of 3rd period - Stopped by Jonathan Quick with a rebound.
Goals for this period are 3 for Red Wings vs 0 for Maple Leafs.
Shots for this period are 5 for Red Wings vs 13 for Maple Leafs.


Output by the SimonT Hockey Simulator (STHS) for François Prévost -- Original Page W3C XHTML 1.0 Valid
Hockey Simulator - Hockey Simulation - Hockey Manager